 Dungeon Crawl Stone Soup version bcrawl-1.35.2 (webtiles) character file.

Game seed: 15926994781070500525

485355 Wired the Bludgeoner (level 17, -2/151 HPs)
             Began as a Minotaur Archaeologist on Jan 19, 2022.
             Was the Champion of the Shining One.
             Slain by a blizzard demon (11 damage)
             ... in an ice cave.
             The game lasted 01:42:12 (33296 turns).

Wired the Bludgeoner (Minotaur Archaeologist)      Turns: 33296, Time: 01:42:14

Health: -2/151     AC: 32    Str: 19    XL:     17   Next: 40%
Magic:  14/24      EV:  5    Int: 18    God:    the Shining One [******]
Gold:   146        SH: 19    Dex:  9    Spells: 16/16 levels left

rFire    + + .     SeeInvis +   a - +3 whip (elec)
rCold    + + .     Gourm    .   L - +6 medium shield
rNeg     + + +     Faith    .   B - +0 crystal plate armour of Greater Demons {SInv}
rPois    +         Spirit   .   d - +1 hat
rElec    +         Reflect  .   G - +0 cloak
rCorr    +                      h - +2 pair of gloves
MR       ++...                  o - +2 pair of boots of the Assassin {Detection Stab+ Stlth++}
Stlth    ..........             X - amulet of Ripp {Rage rElec rPois Str-4 Int+4}
HPRegen  0.35/turn              Q - ring of Sin {+Fly rF+ rCorr}
MPRegen  0.19/turn              Z - ring "Jynuuh" {rC+ MR+ Int+3}

@: resistant, glowing, studying 2 skills
A: retaliatory headbutt, horns 2
a: Divine Shield, Cleansing Flame, Summon Divine Warrior, Brand Weapon With Holy
Wrath, Renounce Religion, Evoke Berserk Rage, Evoke Flight


You were in an ice cave.
You worshipped the Shining One.
The Shining One was exalted by your worship.
You were not hungry.

You visited 6 branches of the dungeon, and saw 25 of its levels.
You visited the Abyss 1 time.
You visited 1 bazaar.
You also visited: Trove, Ice Cave and Volcano.

You collected 2820 gold pieces.
You spent 2674 gold pieces at shops.

Inventory:

Hand Weapons
 a - a +3 whip of electrocution (weapon)
Missiles
 H - a throwing net (quivered) {=f}
Armour
 d - a +1 hat (worn)
 h - a +2 pair of gloves (worn)
 o - the +2 pair of boots of the Assassin (worn) {Detection Stab+ Stlth++}
   (You found it on level 10 of the Dungeon)

   It makes you much more stealthy.
 B - the +0 crystal plate armour of Greater Demons (worn) {SInv}
   (You acquired it on level 2 of the Snake Pit)

   It lets you see invisible.
 G - a +0 cloak (worn)
 L - a +6 medium shield (worn)
Jewellery
 Q - the ring of Sin (left hand) {+Fly rF+ rCorr}
   (You acquired it on level 3 of the Lair of Beasts)

   [ring of resist corrosion]

   It protects you from fire.
   It lets you fly.
   It provides partial protection from all sources of acid and corrosion.
 X - the amulet of Ripp (around neck) {Rage rElec rPois Str-4 Int+4}
   (You found it in a treasure trove)

   [amulet of rage]

   It affects your strength (-4).
   It affects your intelligence (+4).
   It insulates you from electricity.
   It protects you from poison.
 Z - the ring "Jynuuh" (right hand) {rC+ MR+ Int+3}
   (You found it in a treasure trove)

   [ring of protection from magic]

   It affects your intelligence (+3).
   It protects you from cold.
   It affects your resistance to hostile enchantments.
Wands
 f - a wand of enslavement (6)
 j - a wand of paralysis (28)
 s - a wand of acid (20)
 z - a wand of iceblast (34)
 C - a wand of clouds (9)
 D - a wand of digging (19)
 J - a wand of flame (6)
Scrolls
 g - 5 scrolls of magic mapping
 i - 5 scrolls of identify
 q - 2 scrolls of fear
 r - 13 scrolls of remove curse
 u - 3 scrolls of fog
 w - a scroll of blinking
 y - 3 scrolls of teleportation
 K - 3 scrolls of summoning
 M - 3 scrolls of immolation
 O - 7 scrolls of amnesia
Potions
 k - 6 potions of brilliance
 l - 3 potions of berserk rage
 m - 8 potions of lignification
 n - a potion of resistance
 t - 3 potions of ambrosia
 v - 4 potions of magic
 x - a potion of curing
 A - 5 potions of mutation
 E - 3 potions of haste
 F - 3 potions of cancellation
 I - a potion of might
 P - 2 potions of flight
Miscellaneous
 b - a fan of gales (2/2)
 c - a lamp of fire
 p - a lightning rod (4/4)
Comestibles
 e - 42 rations {!d}


   Skills:
 + Level 13.8 Fighting
 + Level 16.3 Maces & Flails
 + Level 13.9 Armour
 + Level 13.1 Dodging
 - Level 2.6 Stealth
 + Level 14.4 Shields
 + Level 11.9 Invocations
 + Level 10.9 Evocations


You had 16 spell levels left.
You didn't know any spells.
Your spell library contained the following spells:

 Spells                   Type           Power        Failure   Level  Hunger
 Animate Skeleton         Necr           N/A          100%        1    None
 Apportation              Tloc           #.....       100%        1    None
 Infusion                 Chrm           #.......     100%        1    None
 Sandblast                Erth           #.....       100%        1    None
 Slow                     Hex            #.......     100%        1    None
 Summon Butterflies       Summ           #.......     100%        1    None
 Summon Small Mammal      Summ           #...         100%        1    None
 Call Imp                 Summ           #.....       100%        2    ####...
 Beckoning                Tloc           #.........   100%        3    #####..
 Call Canine Familiar     Summ           #.......     100%        3    #####..
 Recall                   Summ/Tloc      N/A          100%        3    #####..
 Tukima's Dance           Hex            #.......     100%        3    #####..
 Summon Ice Beast         Ice/Summ       #.......     100%        4    ######.
 Bolt of Magma            Conj/Fire/Erth #.........   100%        5    #######
 Metabolic Englaciation   Hex/Ice        #.........   100%        5    #######
 Summon Demon             Summ           #.........   100%        5    #######
 Summon Forest            Summ/Tloc      #.........   100%        5    #######
 Summon Lightning Spire   Summ/Air       #.......     100%        5    #######
 Summon Mana Viper        Hex/Summ       #.......     100%        5    #######
 Aura of Abjuration       Summ           #.........   100%        6    #######
 Bolt of Cold             Conj/Ice       #.........   100%        6    #######
 Freezing Cloud           Ice/Air        #.........   100%        6    #######
 Invisibility             Hex            #.......     100%        6    #######
 Iron Shot                Conj/Erth      #.........   100%        6    #######
 Ozocubu's Refrigeration  Ice            #.........   100%        6    #######
 Simulacrum               Ice/Necr       #.........   100%        6    #######
 Statue Form              Tmut/Erth      #........    100%        6    #######
 Shadow Creatures         Summ           N/A          100%        7    #######
 Shatter                  Erth           #.........   100%        9    #######


Dungeon Overview and Level Annotations

Branches:
Dungeon (12/12)            Temple (0/1) D:6            Lair (6/6) D:9
  Swamp (3/3) Lair:2        Snake (2/3) Lair:2        Slime (0/5) Lair:6
    Orc (1/1) D:8             Elf (1/3) Orc          Vaults (0/3) D:12
 Depths (0/5) D:12

Altars:
Ashenzari
Cheibriados
Elyvilon
Fedhas
Gozag
Kikubaaqudgha
Lugonu
Makhleb
Okawaru
Ru
Sif Muna
Uskayaw
Vehumet
Wu Jian
Xom
Yredelemnul
The Shining One
Jiyva

Shops:
D:4 *   D:8 [   Orc ([*:   Snake:1 *   Snake:2 [(=(=(*?

Portals:
Hell: Lair:6

Annotations:
D:2 1 runed door
D:10 1 runed translucent door


Innate Abilities, Weirdness & Mutations

You reflexively headbutt those who attack you in melee.
You have a pair of horns on your head.


Message History

You feel somewhat more hungry.
You are engulfed in freezing vapours.
You resist.
The blizzard demon is engulfed in freezing vapours. x2
The blizzard demon waves its arms in wide circles.
The air twists around and strikes you. You resist.
The golden flame engulfs you but does no damage.
The golden flame engulfs the blizzard demon!
The blizzard demon writhes in agony!
The blizzard demon is severely wounded.
You feel somewhat more hungry.
The blizzard demon is engulfed in freezing vapours.
The blizzard demon hits you.
* * * LOW HITPOINT WARNING * * *
The blizzard demon freezes you. You resist.
* * * LOW HITPOINT WARNING * * *
The blizzard demon hits you!
* * * LOW HITPOINT WARNING * * *
The blizzard demon freezes you! You resist.
You die...

#....
....#
#..Z
#Z○##
#{Z#
#°#
##2#
#2##
#@##
#..#
##.#
##.#
###.##
##.#.#
#....#
##.#.##
≈≈≈
#.###.#


You could see 2 blizzard demons and a five-headed hydra simulacrum.

Vanquished Creatures
  2 thorn hunters (Swamp:3)
  2 nagarajas (Snake:2)
  The ghost of Caerthir the Severer, a journeyman MiBe of Trog (D:10)
  Nessos (D:12)
  Azrael (D:12)
  An ettin (D:12)
  15 hydras
  3 vault guards (D:12)
  An ice dragon (Lair:1)
  7 naga warriors
  Fannar (Lair:3)
  A catoblepas (Lair:6)
  A ghost crab (Swamp:3)
  3 centaur warriors
  2 shambling mangroves
  2 deep troll earth magi (D:10)
  5 alligators
  An anaconda (Snake:2)
  2 tengu warriors
  4 two-headed ogres
  12 death yaks
  3 orc high priests (Orc)
  Sonja (D:12)
  3 naga sharpshooters (Snake:2)
  3 shock serpents
  A deep elf knight (D:12)
  A deep troll (D:12)
  A goliath frog (Swamp:1)
  A fire crab (Volcano)
  2 skeletal warriors (D:10)
  16 slime creatures
  A sixfirhy (Lair:6)
  2 spriggan druids
  5 swamp dragons
  A death drake (Swamp:3)
  An unseen horror (D:10)
  3 naga ritualists
  An unseen horror (shapeshifter) (D:11)
  A lindwurm (Volcano)
  A wolf spider zombie (D:12)
  3 wizards
  A phantasmal warrior (D:10)
  11 orc knights
  2 cyclopes (D:12)
  4 orc sorcerers (Orc)
  4 deep elf magi
  An oklob plant (Lair:2)
  5 mana vipers
  2 necromancers
  5 salamanders
  2 ugly things (D:11)
  A worldbinder (Abyss:2)
  3 elephants (Lair:4)
  5 guardian serpents
  4 molten gargoyles
  4 will-o'-wisps
  2 orange demons (Lair:6)
  26 black mambas
  6 naga magi
  5 torpor snails
  11 cane toads
  An ice statue (IceCv)
  A smoke demon (Lair:6)
  A gargoyle (D:6)
  5 centaur skeletons
  3 rime drakes
  A kobold demonologist (D:11)
  2 freezing wraiths
  3 komodo dragons
  An efreet (D:12)
  10 ice devils
  2 anaconda simulacra (IceCv)
  4 guardian mummies (D:12)
  A red devil (Lair:6)
  An ancient zyme (Abyss:1)
  7 trolls
  3 meliai (D:10)
  A polar bear (Lair:6)
  5 tyrant leeches
  11 hornets
  A wolf spider simulacrum (IceCv)
  9 blink frogs
  4 bog bodies
  7 raiju
  8 dream sheep (Lair:6)
  6 hippogriffs
  4 spriggans
  A dire elephant simulacrum (IceCv)
  32 yaks
  3 shadows
  A vampire (D:10)
  2 wraiths (D:10)
  3 wyverns
  3 fire elementals (D:12)
  19 humans
  5 basilisks
  A neqoxec (Abyss:1)
  4 fire bats (Volcano)
  4 hogs (D:8)
  11 vampire mosquitoes
  3 steam dragons (Volcano)
  6 hungry ghosts
  2 swamp worm simulacra (Swamp:3)
  20 nagas
  A warg (Orc)
  2 iron troll simulacra (IceCv)
  A small abomination (Abyss:1)
  12 swamp worms
  9 crocodiles
  2 harpy simulacra (IceCv)
  3 acid dragons
  8 water moccasins
  2 hydra simulacra (IceCv)
  6 hell hounds
  2 soldier ants
  7 porcupines
  2 black bears (D:8)
  A hornet zombie (D:12)
  6 swamp drakes
  3 sky beasts
  25 orc warriors
  5 ice beasts
  5 boggarts (Swamp:3)
  3 ettin simulacra (IceCv)
  2 phantoms
  5 wolves (Lair:3)
  14 ogres
  6 centaurs
  10 bullfrogs
  Blork the orc (D:6)
  A big kobold (D:10)
  A hornet simulacrum (D:10)
  3 scorpions
  An elephant simulacrum (IceCv)
  6 killer bees (D:9)
  15 wights
  3 electric eels
  22 orc priests
  11 crimson imps
  3 bullfrog zombies
  10 lava snakes
  5 centaur zombies
  2 draconian simulacra (IceCv)
  12 hounds
  3 jellies
  26 orc wizards
  A gnoll shaman (D:7)
  Jessica (D:3)
  A bullfrog skeleton (D:5)
  Terence (D:3)
  5 iguanas
  2 troll simulacra (IceCv)
  2 polar bear simulacra (IceCv)
  11 worker ants
  A wolf simulacrum (IceCv)
  2 centaur simulacra (IceCv)
  A hound zombie (D:4)
  4 mummies (D:12)
  4 gnolls (D:7)
  13 adders
  3 ogre simulacra (IceCv)
  2 shadow imps (D:6)
  4 white imps (IceCv)
  6 ufetubi (IceCv)
  An ooze (D:4)
  2 adder zombies
  2 adder skeletons
  4 worms
  3 dart slugs
  7 leopard geckos
  87 orcs
  5 giant cockroaches
  11 hobgoblins
  10 jackals
  16 kobolds
  2 quokkas
  7 bats
  2 frilled lizards (D:1)
  3 goblins
  A jackal skeleton (D:6)
  A jackal zombie (D:6)
  A quokka zombie (D:4)
  3 rats
  7 briar patches (Swamp:3)
  A plant (Lair:2)
952 creatures vanquished.

Vanquished Creatures (collateral kills)
  A lich (D:10)
  Frances (Swamp:1)
  Roxanne (D:12)
  A hydra (Swamp:1)
  A spriggan (Swamp:1)
  A wolf spider (D:10)
  A hornet (Swamp:1)
7 creatures vanquished.

Vanquished Creatures (others)
  An azure jelly (Swamp:3)
  A deep elf mage (Elf:1)
  A black mamba (Snake:1)
  A freezing wraith (IceCv)
  A hornet (Swamp:2)
  A bog body (Swamp:3)
  A spriggan (Swamp:2)
  A swamp drake (Swamp:3)
  A human (D:2)
  An orc wizard (Orc)
  2 white imps (IceCv)
  11 fungi
  14 plants
  2 starspawn tentacles (Abyss:2)
39 creatures vanquished.

Grand Total: 998 creatures vanquished

Notes
Turn   | Place    | Note
-------+----------+-------------------------------------------
     0 | D:1      | Wired the Minotaur Archaeologist began the quest for the
                  | Orb.
     0 | D:1      | Reached XP level 1. HP: 16/16 MP: 0/0
   138 | D:1      | Reached skill level 2 in Maces & Flails
   224 | D:1      | Reached XP level 2. HP: 22/23 MP: 1/1
   320 | D:1      | Reached skill level 3 in Maces & Flails
   560 | D:1      | Found a glowing golden altar of the Shining One.
   712 | D:1      | Became a worshipper of the Shining One
   846 | D:2      | Reached XP level 3. HP: 27/28 MP: 2/2
  1029 | D:2      | Reached skill level 4 in Maces & Flails
  1080 | D:2      | Noticed an ogre
  1100 | D:2      | Killed an ogre
  1101 | D:2      | Reached skill level 5 in Maces & Flails
  1101 | D:2      | Reached XP level 4. HP: 33/35 MP: 3/3
  1159 | D:2      | Found an ornate altar of the Wu Jian Council.
  1446 | D:2      | Found an ancient bone altar of Kikubaaqudgha.
  1446 | D:2      | Noticed a human
  1449 | D:2      | Killed a human
  1505 | D:2      | Found a runed door.
  1748 | D:2      | Reached XP level 5. HP: 37/40 MP: 4/4
  1748 | D:2      | Identified a scroll of acquirement
  1752 | D:2      | Identified the +0 buckler of the Wasteland {rPois Dex+2}
                  | (You acquired it on level 2 of the Dungeon)
  1752 | D:2      | Identified the amulet of Qaistroyf {Gourm MR+} (You
                  | acquired it on level 2 of the Dungeon)
  1974 | D:3      | Reached skill level 6 in Maces & Flails
  1974 | D:3      | Reached skill level 1 in Shields
  2094 | D:3      | HP: 2/40 [orc/+0 dagger (1)]
  2275 | D:3      | Noticed an ogre
  2286 | D:3      | Killed an ogre
  2287 | D:3      | Reached XP level 6. HP: 47/47 MP: 5/5
  2335 | D:3      | Noticed Terence
  2358 | D:3      | Killed Terence
  2421 | D:3      | Found a sacrificial altar of Ru.
  2461 | D:3      | Reached skill level 7 in Maces & Flails
  2581 | D:3      | Noticed Jessica
  2590 | D:3      | Killed Jessica
  2810 | D:3      | Found a faded altar of an unknown god.
  2950 | D:4      | Reached * piety under the Shining One
  3135 | D:3      | Reached XP level 7. HP: 34/52 MP: 6/6
  3242 | D:4      | Reached skill level 5 in Shields
  3321 | D:4      | Reached skill level 8 in Maces & Flails
  3350 | D:4      | Found Uhihuol's Assorted Antiques.
  3352 | D:4      | Found a basalt altar of Yredelemnul.
  3551 | D:4      | Found a blossoming altar of Fedhas.
  3840 | D:4      | HP: 2/52 [worm (7)]
  3953 | D:4      | Reached XP level 8. HP: 59/59 MP: 7/7
  3958 | D:4      | Reached skill level 9 in Maces & Flails
  4242 | D:5      | Entered Level 5 of the Dungeon
  4443 | D:5      | Reached skill level 10 in Maces & Flails
  4448 | D:5      | Reached ** piety under the Shining One
  4565 | D:5      | Reached skill level 1 in Armour
  4589 | D:5      | Found a shimmering blue altar of Sif Muna.
  4590 | D:5      | Found an ancient bone altar of Kikubaaqudgha.
  4592 | D:5      | Found a radiant altar of Vehumet.
  4594 | D:5      | Identified Kikubaaqudgha's Guide on Necromancy
  4632 | D:5      | Found a shimmering altar of Xom.
  4668 | D:5      | Reached skill level 1 in Invocations
  4668 | D:5      | Reached skill level 1 in Evocations
  5363 | D:6      | Noticed a troll
  5376 | D:6      | Killed a troll
  5377 | D:6      | Reached XP level 9. HP: 40/68 MP: 4/9
  5384 | D:6      | Got a smoking wooden ring
  5386 | D:6      | Identified the ring of Zyjud {Fire Dex+3} (You found it on
                  | level 6 of the Dungeon)
  5555 | D:6      | Found a hide-covered altar of Uskayaw.
  5565 | D:6      | Found a white marble altar of Elyvilon.
  5737 | D:6      | Noticed a gargoyle
  5749 | D:6      | Killed a gargoyle
  5918 | D:6      | Noticed Blork the orc
  5927 | D:6      | Killed Blork the orc
  5928 | D:6      | Reached skill level 5 in Dodging
  6120 | D:6      | Reached *** piety under the Shining One
  6192 | D:6      | Found a shattered altar of Ashenzari.
  6290 | D:6      | Found a staircase to the Ecumenical Temple.
  6580 | D:7      | Reached skill level 11 in Maces & Flails
  6618 | D:7      | Reached XP level 10. HP: 80/80 MP: 11/11
  6675 | D:7      | Found a burning altar of Makhleb.
  6675 | D:7      | Noticed a balrug
  6851 | D:7      | Reached **** piety under the Shining One
  7138 | D:7      | Reached skill level 5 in Fighting
  7267 | D:7      | Reached skill level 5 in Armour
  8135 | D:8      | Found a portal to a secret trove of treasure.
  8262 | D:8      | Found Xiwi's Antique Armour Boutique.
  8400 | D:8      | Noticed an orc knight
  8406 | D:8      | Noticed an orc knight
  8407 | D:8      | Noticed an orc knight
  8477 | D:8      | Killed an orc knight
  8506 | D:8      | Killed an orc knight
  8507 | D:8      | Reached skill level 5 in Invocations
  8704 | D:8      | Killed an orc knight
  8705 | D:8      | Reached XP level 11. HP: 55/89 MP: 13/13
  8791 | D:8      | Found a staircase to the Orcish Mines.
  9001 | D:8      | Noticed a two-headed ogre
  9008 | D:8      | Killed a two-headed ogre
  9098 | D:8      | Found a faded altar of an unknown god.
  9098 | D:8      | Found an iron altar of Okawaru.
  9105 | D:8      | Found an opulent altar of Gozag.
  9109 | D:8      | Found a white marble altar of Elyvilon.
  9112 | D:8      | Found a corrupted altar of Lugonu.
  9645 | D:9      | Reached skill level 5 in Evocations
  9652 | D:9      | Found a staircase to the Lair.
  9653 | D:9      | Noticed a death yak
  9653 | D:9      | Noticed a death yak
  9653 | D:9      | Noticed a death yak
  9690 | D:9      | Killed a death yak
  9691 | D:9      | Reached skill level 12 in Maces & Flails
  9707 | D:9      | Killed a death yak
  9751 | D:9      | Killed a death yak
 10303 | D:9      | Reached ***** piety under the Shining One
 10582 | Lair:1   | Entered Level 1 of the Lair of Beasts
 10616 | Lair:1   | Reached XP level 12. HP: 73/101 MP: 15/15
 11461 | Lair:1   | Noticed an ice dragon
 11489 | Lair:1   | Killed an ice dragon
 12394 | Lair:2   | Found a staircase to the Snake Pit.
 12608 | Lair:2   | Noticed a five-headed hydra
 12624 | Lair:2   | Killed a five-headed hydra
 13071 | Lair:2   | Found a staircase to the Swamp.
 13903 | Lair:3   | Reached skill level 10 in Shields
 13985 | Lair:3   | Noticed a six-headed hydra
 14006 | Lair:3   | Killed a six-headed hydra
 14007 | Lair:3   | Reached skill level 13 in Maces & Flails
 14206 | Lair:3   | Noticed Fannar
 14217 | Lair:3   | Killed Fannar
 14417 | Lair:3   | Identified the ring of Sin {+Fly rF+ rCorr} (You acquired
                  | it on level 3 of the Lair of Beasts)
 14808 | Lair:4   | Noticed an eight-headed hydra
 14831 | Lair:4   | Killed an eight-headed hydra
 14832 | Lair:4   | Reached XP level 13. HP: 53/111 MP: 13/17
 17031 | Lair:6   | Entered Level 6 of the Lair of Beasts
 17053 | Lair:6   | Reached skill level 10 in Fighting
 17053 | Lair:6   | Reached skill level 10 in Armour
 17082 | Lair:6   | Reached skill level 10 in Dodging
 17104 | Lair:6   | Found a dark tunnel.
 17112 | Volcano  | Entered a volcano
 17543 | Volcano  | Found a radiant altar of Vehumet.
 17851 | Lair:6   | Found a viscous altar of Jiyva.
 17851 | Lair:6   | Found a staircase to the Slime Pits.
 17860 | Lair:6   | Reached XP level 14. HP: 106/122 MP: 19/19
 17945 | Lair:6   | Found a snail-covered altar of Cheibriados.
 18038 | Lair:6   | Reached skill level 14 in Maces & Flails
 18927 | Lair:6   | Found a large runed door.
 19074 | Lair:6   | Found a large runed door.
 19389 | Lair:6   | Found a burning altar of Makhleb.
 19549 | Lair:6   | Found a gateway to Hell.
 19557 | Lair:6   | Got a coiled tin ring
 19804 | Orc      | Entered the Orcish Mines
 19806 | Orc      | Identified the ring of the Jester {Ice rElec Dex-4 Slay-5
                  | Stlth+} (You found it on level 6 of the Lair of Beasts)
 19830 | Orc      | Reached ****** piety under the Shining One
 20155 | Orc      | Found a staircase to the Elven Halls.
 21357 | Orc      | Found Pomuom's Antique Weapon Emporium.
 21357 | Orc      | Found Eliptaw's Book Shop.
 21361 | Orc      | Found Keorea's Antique Armour Emporium.
 21361 | Orc      | Found Hioxituts's Assorted Antiques.
 21373 | Orc      | Bought a distressingly furry chain mail for 285 gold pieces
 21386 | Orc      | Identified the +1 chain mail "Gelesegi" {rF+++ MR- rCorr
                  | Dex+2} (You bought it in a shop in the Orcish Mines)
 21539 | D:10     | Entered Level 10 of the Dungeon
 21601 | D:10     | Found a runed translucent door.
 21606 | D:10     | Noticed a lich
 21606 | D:10     | Noticed Caerthir's ghost (journeyman MiBe)
 21614 | D:10     | Found a runed translucent door.
 21917 | D:10     | Got a slimy golden ring
 21922 | D:10     | Got an ichor-stained plate armour
 21935 | D:10     | Identified the cursed +0 plate armour of Neuxtuano {rC+
                  | Str+5} (You found it on level 10 of the Dungeon)
 21938 | D:10     | Identified the ring of Pusunlu {rPois Int+2 Dex+3} (You
                  | found it on level 10 of the Dungeon)
 22019 | D:10     | Reached XP level 15. HP: 118/130 MP: 21/21
 22021 | D:10     | Got a fading longbow
 22413 | D:10     | Found the +2 pair of boots of the Assassin {Detection Stab+
                  | Stlth++}
 22413 | D:10     | Identified the ring "Sytim" {rN+ Str+2}
 22691 | D:10     | Killed a lich
 22709 | D:10     | Killed Caerthir's ghost
 22718 | D:10     | Reached skill level 10 in Invocations
 23868 | D:12     | Entered Level 12 of the Dungeon
 24045 | D:12     | Reached skill level 15 in Maces & Flails
 24084 | D:12     | Noticed Sonja
 24093 | D:12     | Killed Sonja
 24171 | D:12     | Got a steaming granite ring
 24172 | D:12     | Identified the ring "Wuox" {*Contam rN+ Str+4 Stlth--} (You
                  | found it on level 12 of the Dungeon)
 24243 | D:12     | Cast into level 1 of the Abyss (a wizard)
 24565 | Abyss:2  | Noticed a tentacled starspawn
 24637 | D:12     | Escaped the Abyss
 24907 | D:12     | Found a staircase to the Depths.
 24987 | D:12     | Noticed Azrael
 25003 | D:12     | Killed Azrael
 25145 | D:12     | Found a gate to the Vaults.
 25282 | D:12     | Noticed Roxanne
 25555 | D:12     | Noticed Nessos
 25577 | D:12     | Killed Nessos
 25692 | D:12     | Killed Roxanne
 25693 | D:12     | Reached XP level 16. HP: 106/141 MP: 23/23
 25936 | Swamp:1  | Entered Level 1 of the Swamp
 26166 | Swamp:1  | Reached skill level 10 in Evocations
 26463 | Swamp:1  | Got a twisted plate armour
 26686 | Swamp:1  | Noticed Frances
 26722 | Swamp:1  | Killed Frances
 27268 | Swamp:1  | Identified the cursed +1 plate armour of Valour {Int+4}
                  | (You found it on level 1 of the Swamp)
 27426 | Swamp:2  | Found a shimmering blue altar of Sif Muna.
 28098 | Swamp:3  | Entered Level 3 of the Swamp
 28171 | Swamp:3  | Noticed a thorn hunter
 28187 | Swamp:3  | Killed a thorn hunter
 28403 | Swamp:3  | Noticed a thorn hunter
 28411 | Swamp:3  | Killed a thorn hunter
 28768 | Snake:1  | Entered Level 1 of the Snake Pit
 28780 | Snake:1  | Found a snail-covered altar of Cheibriados.
 28812 | Snake:1  | Found a flickering gateway to a bazaar.
 28822 | Bazaar   | Entered a bazaar
 28823 | Bazaar   | Found Wella's Book Emporium.
 28862 | Bazaar   | Found Vuggi's Jewellery Shop.
 28898 | Bazaar   | Found Pomif's Book Shoppe.
 28906 | Bazaar   | Found Raol's General Store.
 28959 | Bazaar   | Bought the ring "Qefad" {Ice rElec} for 408 gold pieces
 28959 | Bazaar   | Bought a cursed amulet of regeneration for 348 gold pieces
 29444 | Snake:1  | Found Nass's Assorted Antiques.
 30291 | Orc      | Bought 3 scrolls of blinking for 697 gold pieces
 30385 | D:8      | You paid a toll of 5 scrolls of blinking to enter a
                  | treasure trove
 30386 | Trove    | Entered a treasure trove
 30391 | Trove    | Got a sparkling brass ring
 30393 | Trove    | Got a glittering golden ring
 30399 | Trove    | Got a warped copper amulet
 30403 | Trove    | Got a sparkling glass ring
 30413 | Trove    | Identified the ring "Cefied" {*Slow +Fly rC+ Dex+4 SInv}
                  | (You found it in a treasure trove)
 30415 | Trove    | Identified the ring "Ymoupiukh" {rElec Str+4} (You found it
                  | in a treasure trove)
 30424 | Trove    | Identified the amulet of Ripp {Rage rElec rPois Str-4
                  | Int+4} (You found it in a treasure trove)
 30431 | Trove    | Identified the ring "Jynuuh" {rC+ MR+ Int+3} (You found it
                  | in a treasure trove)
 30443 | Trove    | Got a scorched copper amulet
 30445 | Trove    | Got a heavily runed ivory ring
 30449 | Trove    | Got a coiled turquoise ring
 30453 | Trove    | Got a brightly glowing jade ring
 30459 | Trove    | Identified the amulet "Lotael" {Faith rPois rC+ Str+9
                  | Int-2} (You found it in a treasure trove)
 30464 | Trove    | Identified the ring "Jeanasch" {rElec rF+} (You found it in
                  | a treasure trove)
 30468 | Trove    | Identified the ring of the Aged Visionaries {rElec AC+3
                  | Int+8} (You found it in a treasure trove)
 30477 | Trove    | Identified the ring of Suspicion {+Inv rElec rF+++ AC+3
                  | Str-2} (You found it in a treasure trove)
 30727 | Snake:2  | Reached skill level 16 in Maces & Flails
 31005 | Snake:2  | Reached XP level 17. HP: 150/150 MP: 24/24
 31931 | Snake:2  | Found Asosheq's Weapon Emporium.
 31931 | Snake:2  | Found Isyelosmim's Jewellery Boutique.
 31946 | Snake:2  | Found Roimis's General Store.
 31964 | Snake:2  | Found Ikkioger's Magic Scroll Shop.
 31973 | Snake:2  | Bought a scroll of acquirement for 936 gold pieces
 31978 | Snake:2  | Identified the +5 scale mail "Letiemus" {*Slow rF++ Int+7}
                  | (You acquired it on level 2 of the Snake Pit)
 31981 | Snake:2  | Identified the +0 crystal plate armour of Greater Demons
                  | {SInv} (You acquired it on level 2 of the Snake Pit)
 31981 | Snake:2  | Identified the ring "Newnyeg" {+Fly Dex+3} (You acquired it
                  | on level 2 of the Snake Pit)
 32081 | Snake:2  | Found Xuatig's Antique Weapon Boutique.
 32084 | Snake:2  | Found Fycved's Jewellery Boutique.
 32084 | Snake:2  | Found Vala's Antique Weapon Shop.
 32109 | Snake:2  | Found Qaolaas's Antique Armour Shop.
 32609 | Elf:1    | Entered Level 1 of the Elven Halls
 32767 | Elf:1    | Found a frozen archway.
 32771 | IceCv    | Entered an ice cave
 33296 | IceCv    | Slain by a blizzard demon

Skill      XL: |  1  2  3  4  5  6  7  8  9 10 11 12 13 14 15 16 17 |
---------------+----------------------------------------------------+-----
Maces & Flails | 2 3 5 6 7 8 10 11 12 13 14 15 16 | 16.3
Shields        | 3 4 6 8 9 10 11 12 13 14 | 14.4
Armour         | 2 4 6 7 9 10 11 12 13 | 13.9
Fighting       | 2 4 6 7 9 10 11 12 13 | 13.8
Invocations    | 1 3 5 6 7 8 9 10 11 | 11.9
Evocations     | 1 3 4 5 6 7 8 9 10 | 10.9
Dodging        | 4 5 6 8 9 10 11 12 13 | 13.1
Stealth        | |  2.6

Action                   |  1- 3 |  4- 6 |  7- 9 | 10-12 | 13-15 | 16-18 || total
-------------------------+-------+-------+-------+-------+-------+-------++-------
Melee: Whip              |    79 |   132 |   464 |   745 |  1660 |  1135 ||  4215
       Headbutt          |     7 |    19 |    78 |   145 |   374 |   222 ||   845
 Fire: Blowgun           |     5 |    12 |    10 |    17 |       |       ||    44
Throw: Throwing net      |       |       |       |       |     1 |       ||     1
Invok: Divine Shield     |       |       |     2 |     6 |     4 |     1 ||    13
       Cleansing Flame   |       |       |       |       |     4 |     2 ||     6
       Summon Divine War |       |       |       |       |     1 |     1 ||     2
Evoke: Wand              |       |       |       |     5 |     2 |     3 ||    10
       Lightning rod     |       |       |       |       |       |     8 ||     8
       Lamp of fire      |       |       |       |       |       |     3 ||     3
  Use: Scroll            |     1 |     6 |     9 |    20 |    14 |    12 ||    62
       Potion            |       |       |     1 |     5 |     4 |    11 ||    21
 Stab: Sleeping          |     2 |       |       |       |       |       ||     2
  Eat: Chunk             |     3 |     9 |    21 |    36 |    44 |     9 ||   122
       Ration            |       |       |       |     1 |     4 |     8 ||    13
Armor: Robe              |     3 |       |       |       |       |       ||     3
       Scale mail        |    16 |    54 |     7 |   126 |   187 |       ||   390
       Ring mail         |     3 |       |    99 |    47 |       |       ||   149
       Plate armour      |       |       |       |       |   111 |   301 ||   412
       Skin              |       |       |       |       |     2 |       ||     2
       Crystal plate arm |       |       |       |       |       |    87 ||    87
Dodge: Dodged            |    44 |    35 |   134 |   190 |   349 |   242 ||   994
Block: Buckler           |       |    15 |   101 |    68 |       |       ||   184
       Medium shield     |       |       |       |   314 |   899 |   922 ||  2135
